[Event "Oceania Zonal Open 2023"]
[Site "Melbourne"]
[Date "2023.01.25"]
[Round "4.8"]
[White "Koh, Cedric"]
[Black "Nemeth, John"]
[Result "1/2-1/2"]
[ECO "D46"]
[WhiteElo "1970"]
[BlackElo "2157"]
[Annotator "TA"]
[PlyCount "60"]
[EventDate "2023.01.09"]
[EventType "swiss"]
[EventCountry "AUS"]
[SourceTitle "playchess.com"]
[Source "ChessBase"]
[SourceQuality "1"]
[TimeControl "5400+30"]

1. d4 d5 2. c4 c6 3. Nc3 Nf6 4. e3 e6 5. Nf3 Be7 6. b3 O-O 7. Bd3 Nbd7 8. O-O b6 9. Bb2 Bb7 10. Rc1 Rc8 {[%emt 0:01:26] D46: Semi-Slav: 5 e3 Nbd7 6 Bd3, Black avoids the Meran.} 11. Re1 Re8 {[%emt 0:04:08] [#]} 12. Rc2 $146 (12. Qd2 {keeps more tension.} Bb4 13. a3 Ne4 14. Qe2) ({Predecessor:} 12. a3 dxc4 13. bxc4 Bd6 14. Qc2 Bb8 15. Ne4 c5 16. Nxf6+ Nxf6 17. d5 exd5 18. cxd5 Bxd5 {1-0 Ribli,Z (2595)-Lazic,M (2481) BIH-chT Neum 2004 (4.2)}) 12... dxc4 13. Bxc4 b5 14. Bf1 b4 15. Na4 c5 16. dxc5 Nxc5 17. Nxc5 Qxd1 18. Rxd1 {[%emt 0:00:05] [#] And now Rdc1 would win.} Rxc5 19. Rxc5 Bxc5 20. Rc1 Rc8 21. Ne5 Nd5 22. Nd3 Be7 23. Rxc8+ Bxc8 24. Bd4 a5 25. Ne5 Bb7 {[%emt 0:01:49] Wards off Nc6} 26. Nc4 Bd8 {[%emt 0:00:11] The position is equal.} 27. a3 bxa3 28. Nxa3 Be7 29. Nc4 Bb4 30. f3 Bc6 {[%emt 0:02:03] A rather calm draw.   Weighted Error Value: White=0.07 (flawless) /Black=0.05 (flawless)} 1/2-1/2

[Event "Oceania Zonal Open 2023"]
[Site "Melbourne"]
[Date "2023.01.26"]
[Round "4.8"]
[White "Ly, Thai"]
[Black "Cannon, David"]
[Result "1/2-1/2"]
[ECO "B80"]
[WhiteElo "1879"]
[BlackElo "2112"]
[Annotator "TA"]
[PlyCount "65"]
[EventDate "2023.01.09"]
[EventType "swiss"]
[EventCountry "AUS"]
[SourceTitle "playchess.com"]
[Source "ChessBase"]
[SourceQuality "1"]
[TimeControl "5400+30"]

1. e4 c5 2. Nf3 e6 3. Nc3 d6 4. g3 Nc6 5. Bg2 Nf6 6. O-O Be7 7. d4 cxd4 8. Nxd4 O-O 9. Nxc6 bxc6 10. e5 Nd5 (10... dxe5 $11 11. Qxd8 Rxd8) 11. exd6 $14 {[%emt 0:00:14] B80: Sicilian Scheveningen: 6 g3 and 6 Be3, including English Attack.} Qxd6 12. Ne4 Qc7 13. c4 {[%emt 0:02:28] White is slightly better.} Nb6 14. Qe2 e5 {[%emt 0:03:22] [#]} 15. Bd2 $146 ({Predecessor:} 15. b3 f5 16. Nd2 Bf6 17. Bb2 Bb7 18. Rad1 Rad8 19. Nf3 Rxd1 20. Rxd1 Re8 21. Re1 {1-0 Orev,P (2340)-Zietlow,T Dortmund op 1989 (3)}) 15... a5 16. Rfc1 f5 17. Nc3 Bb7 18. b3 Nd7 19. Na4 Rae8 20. Qe1 Bd8 21. c5 e4 {[%emt 0:01:42] [#]} 22. Nb6 $1 Nxc5 {[%emt 0:02:52][%mdl 64] Remove Defender} (22... Nxb6 23. Bxa5) 23. Rxc5 {[%emt 0:03:57] Nc4 would be deadly.} Qxb6 24. Rac1 (24. Be3 $5 ) 24... Be7 (24... Qa7 $11 {should be considered.}) 25. Rxa5 $16 Ra8 26. Bf1 c5 27. Rxa8 Rxa8 28. Be3 Bd5 29. Qc3 Rxa2 30. Bxc5 {[%emt 0:01:39] The position is equal.} (30. b4 $5 Qe6 31. Bxc5 Bxc5 32. Qxc5 $14) 30... Bxc5 (30... Qxb3 $2 31. Qe5 Ra8 32. Bxe7 $18) 31. Qxc5 Qxc5 (31... Qxb3 {gets mated.} 32. Qc8+ Kf7 33. Qxf5+ Ke8 34. Rc8+ Ke7 35. Rc7+ {[%mdl 64] Skewer} Kd6 36. Qf4+ Ke6 37. Bh3#) 32. Rxc5 Bxb3 33. Rxf5 {[%emt 0:00:16] Weighted Error Value: White=0.07 (flawless) /Black=0.09 (flawless)} 1/2-1/2

[Event "Oceania Zonal Open 2023"]
[Site "Melbourne"]
[Date "2023.01.26"]
[Round "4.9"]
[White "Kargosha, Bahman"]
[Black "Radisich, Matt"]
[Result "1/2-1/2"]
[ECO "A43"]
[WhiteElo "2096"]
[BlackElo "1676"]
[Annotator "TA"]
[PlyCount "73"]
[EventDate "2023.01.09"]
[EventType "swiss"]
[EventCountry "AUS"]
[SourceTitle "playchess.com"]
[Source "ChessBase"]
[SourceQuality "1"]
[TimeControl "5400+30"]

1. d4 Nf6 2. Nf3 c5 3. d5 d6 4. Nc3 g6 5. e4 Bg7 6. Bb5+ Bd7 7. a4 O-O 8. h3 Na6 9. O-O Nc7 {[%emt 0:01:00] A43: Schmid Benoni.} 10. Bc4 b6 11. Re1 {[%emt 0:02:59] [#]} e5 $146 {[%emt 0:02:44] White is slightly better.} ({Predecessor:} 11... a6 12. e5 Nfe8 13. e6 fxe6 14. dxe6 Bc6 15. Nd5 Nf6 16. Nxf6+ Rxf6 17. Bg5 Bxf3 18. gxf3 {1-0 Levin,A (1996)-Wesolowska,H (1744) Titled Tuesday intern op 05th Apr Late blitz 2022 (7)}) 12. dxe6 Bxe6 13. Bf1 Qd7 14. Bg5 Qc6 15. Qc1 (15. Bb5 $16 Nxb5 16. axb5) 15... a6 (15... d5 $1 $11) 16. Qf4 $16 Nh5 17. Qd2 b5 18. axb5 (18. Be7 {looks sharper.} Rfc8 19. axb5 Nxb5 20. Nxb5 axb5 21. Qxd6 Qxd6 22. Bxd6 Rxa1 23. Rxa1 Bxb2 24. Rb1) 18... axb5 19. Rad1 (19. Be7 $16) 19... b4 $1 $14 20. Nd5 (20. Qxd6 $2 {loses.} Qxd6 21. Rxd6 bxc3 $19) 20... Bxd5 21. exd5 Qb6 22. g4 Nf6 23. Bc4 Nd7 {[%emt 0:00:23] [#]} (23... Rfe8 $11) 24. Bh6 {[%emt 0:01:13] This pair of bishops is nice.} (24. Be7 $1 $16) 24... Rfe8 $11 25. Bxg7 Kxg7 26. Qf4 Rxe1+ 27. Rxe1 Re8 {[%emt 0:01:27] Repels Re7} 28. Rxe8 Nxe8 29. h4 f6 {[%emt 0:05:34] Black is weak on the light squares} 30. h5 Ne5 31. h6+ Kg8 32. g5 (32. Nxe5 $11 dxe5 33. Qf3 (33. d6+ Kf8 $11)) 32... Nxf3+ 33. Qxf3 fxg5 34. Qg4 {[%emt 0:05:44][%cal Og4d7] [#] Qd7! would be deadly.} Qd8 {[%emt 0:00:19] Wards off Qd7} 35. Bb5 Kf8 (35... Nf6 $1 $15 36. Qxg5 Qe7) 36. Bxe8 $1 Kxe8 37. Qe6+ {[%emt 0:01:57] Weighted Error Value: White=0.18 (very precise) /Black=0.17 (very precise)} 1/2-1/2

[Event "Oceania Zonal Open 2023"]
[Site "Melbourne"]
[Date "2023.01.25"]
[Round "4.9"]
[White "Anderson, Brendan"]
[Black "Fu, Yihe"]
[Result "0-1"]
[ECO "D38"]
[WhiteElo "1926"]
[BlackElo "2149"]
[Annotator "TA"]
[PlyCount "96"]
[EventDate "2023.01.09"]
[EventType "swiss"]
[EventCountry "AUS"]
[SourceTitle "playchess.com"]
[Source "ChessBase"]
[SourceQuality "1"]
[TimeControl "5400+30"]

1. d4 Nf6 2. c4 e6 3. Nf3 d5 4. Nc3 Bb4 5. Bg5 h6 6. Bxf6 Qxf6 7. e3 O-O 8. Rc1 c6 9. cxd5 exd5 10. a3 {[%emt 0:00:58] D38: Queen's Gambit Declined: Ragozin Defence (4 Nf3 Bb4).} Bd6 11. Bd3 Bg4 12. h3 {[%emt 0:00:10] The position is equal.} Bh5 {[%emt 0:00:40] [#]} 13. O-O $146 ({Predecessor:} 13. Be2 Qe7 14. O-O Nd7 15. Qc2 Nf6 16. Na4 Ne4 17. Nc5 f5 18. Nd3 Bxf3 19. Bxf3 {0-1 Vidarte Morales,A (2286)-Lazaro Pujol,A (2348) Platja d'Aro 2022 (9)}) 13... Nd7 14. Be2 Bg6 15. Bd3 Rfe8 16. b4 a5 17. Bxg6 Qxg6 18. Qb3 axb4 19. axb4 Nb6 ({Black should play} 19... b5 $1 $15) 20. b5 $11 Nc4 21. bxc6 bxc6 22. Qc2 Qe6 23. Nb1 Reb8 24. Nbd2 (24. Qd1 $11) 24... Rb2 $19 25. Qd1 (25. Qd3 {was the only chance.} Ra3 26. Nxc4 Rxd3 27. Nxb2) 25... Raa2 $2 (25... Nxd2 $19 {has better winning chances.} 26. Nxd2 Raa2) 26. Nxc4 $17 dxc4 27. Ne5 {[%emt 0:04:16][%mdl 64] Deflection} Bxe5 (27... Re2 $1 $17 {...Qd5 would be deadly.} 28. Nxc4 Bg3 29. Qxe2 Rxe2 30. fxg3 c5 31. dxc5 f5) 28. dxe5 $15 Qxe5 29. Qg4 Qf6 (29... c3 $15 30. Qc8+ Kh7 31. Qxc6 c2) 30. Rxc4 (30. Qxc4 $11 c5 31. e4) 30... Rxf2 $17 31. Rf4 (31. Rxf2 $17 Rxf2 32. Qd4) 31... Rxf1+ 32. Rxf1 $19 {[%emt 0:00:12][%mdl 4096] Endgame KQR-KQR} Ra1 $1 $36 {[%emt 0:00:09][%mdl 2048] Black is on the roll.} 33. Qc8+ (33. Rxa1 {was worth a try.} Qxa1+ 34. Kf2) 33... Kh7 34. Rxa1 Qxa1+ {[%emt 0:00:06] KQ-KQ} 35. Kf2 Qa2+ 36. Kf1 Qd5 37. Qc7 f5 {[%emt 0:01:48] Strongly threatening ...c5.} 38. h4 (38. Qf4 $142) 38... c5 (38... Qc4+ $19 39. Kg1 Qxh4 40. Qxc6 Qe1+ 41. Kh2 Qxe3) 39. h5 $17 c4 40. Kf2 Qd2+ 41. Kf3 c3 {[%emt 0:06:15] Hoping for ...Qd3.} 42. Qf7 $2 {[%emt 0:01:08][%mdl 8192] [#]} (42. Qc6 $17) 42... Qd1+ $1 $19 43. Kf2 Qc2+ 44. Kf3 {[%emt 0:00:21] [#]} Qe4+ $1 {[%emt 0:00:05] Black mates.} 45. Kf2 c2 {[%emt 0:00:09] Active counter play!} 46. Qc7 {[%emt 0:00:23] [#]} f4 $1 {[%emt 0:00:22][%mdl 576] Deflection, Promotion} 47. exf4 Qd4+ 48. Kf3 Qd1+ {[%emt 0:00:06][%mdl 64] Skewer.   Weighted Error Value: White=0.54/Black=0.18 (very precise)} 0-1

[Event "Oceania Zonal Open 2023"]
[Site "Melbourne"]
[Date "2023.01.25"]
[Round "4.10"]
[White "Zafirakos, Jesse"]
[Black "Bjelobrk, Igor"]
[Result "1/2-1/2"]
[ECO "C64"]
[WhiteElo "1902"]
[BlackElo "2405"]
[Annotator "TA"]
[PlyCount "73"]
[EventDate "2023.01.09"]
[EventType "swiss"]
[EventCountry "AUS"]
[SourceTitle "playchess.com"]
[Source "ChessBase"]
[SourceQuality "1"]
[TimeControl "5400+30"]

1. e4 e5 2. Nf3 Nc6 3. Bb5 a6 4. Ba4 Bc5 5. c3 Nge7 6. O-O Ng6 {[%emt 0:00:34] C64: Ruy Lopez: Classical Defence (3...Bc5) except 4 0-0 Nf6.} 7. d4 Ba7 8. Bg5 f6 {[%emt 0:00:12] White has an edge.} 9. Be3 O-O 10. Nbd2 $1 {[%emt 0:00:58][%cal Bb1d2,Bd2f1,Bf1g3,Bg3f5][%mdl 32] 10.Nbd2 scores better than 10.d5.} d6 11. Re1 Kh8 12. h3 Bd7 13. Rc1 Qe8 14. Bc2 {[%emt 0:02:08] [#]} a5 $146 ({Predecessor:} 14... f5 15. exf5 Bxf5 16. Bxf5 Rxf5 17. Ne4 exd4 18. Bxd4 Nxd4 19. cxd4 Qd7 20. Neg5 Bb6 {1-0 Grischuk,A (2773)-Nihal,S (2650) Speed Chess Chess.com INT blitz 2021 (1.11)}) 15. Nf1 b5 16. Ng3 a4 17. Nf5 Nd8 ({Black should play} 17... Nce7 $11) 18. d5 (18. b3 $14) 18... Nf7 (18... Bxe3 {simplifies} 19. Nxe3 Nb7 20. h4 Nc5) 19. b3 Nf4 20. Bxa7 (20. Bxf4 $142 exf4 21. Qd2) 20... Rxa7 21. Kh2 g6 {[%emt 0:06:12] [#] Strongly threatening ...axb3.} (21... axb3 {is interesting.} 22. axb3 Ng5 23. Ng1 Ra2) 22. Ne3 axb3 23. axb3 Qc8 24. Ng1 Qb7 25. g3 Nh5 26. Bd3 Ra2 27. Rc2 (27. Re2 $5 Rfa8 28. Nf3 $11) 27... Rfa8 28. Rxa2 Rxa2 29. Re2 $36 {[%emt 0:00:39][%cal Be1e2,Be2b2,Bb2c2,Bc2c7][%mdl 2080] White is more active.} Ra3 30. Rb2 b4 31. Qd2 bxc3 $1 32. Qxc3 Qa7 33. Rc2 Be8 (33... Ra2 $14) 34. Qxc7 {[%emt 0:02:11] White is better.} Qxc7 35. Rxc7 {[%emt 0:00:04] [#] Rc8 would be deadly.} Rxb3 36. Bc2 {[%emt 0:01:23] White is more active.} Rb8 37. Bd1 {[%emt 0:04:13] Weighted Error Value: White=0.12 (very precise) /Black=0.15 (very precise)} 1/2-1/2

[Event "Oceania Zonal Open 2023"]
[Site "Melbourne"]
[Date "2023.01.26"]
[Round "4.10"]
[White "Leong, Benjamin"]
[Black "O'Carroll, Jeremy"]
[Result "1/2-1/2"]
[ECO "B31"]
[WhiteElo "1776"]
[BlackElo "2068"]
[Annotator "TA"]
[PlyCount "116"]
[EventDate "2023.01.09"]
[EventType "swiss"]
[EventCountry "AUS"]
[SourceTitle "playchess.com"]
[Source "ChessBase"]
[SourceQuality "1"]
[TimeControl "5400+30"]

1. e4 c5 2. Nf3 Nc6 3. Bb5 g6 4. O-O Bg7 5. c3 Nf6 6. e5 Nd5 7. d4 cxd4 8. cxd4 O-O 9. Nc3 Nxc3 10. bxc3 d6 11. exd6 Qxd6 12. Re1 a6 {[%emt 0:06:51] B31: Sicilian: 2...Nc6 3 Bb5 g6.} 13. Bxc6 Qxc6 14. Ba3 {[%emt 0:00:59] [#]} Qxc3 $146 ({Predecessor:} 14... Be6 15. Bxe7 Rfe8 16. Bg5 Qxc3 17. Rc1 Qa5 18. Rc5 Qxa2 19. d5 b6 20. Re2 Qa3 {½-½ Cadilhac,I (2024)-Feliciano Ebert,V (2239) Sao Bernardo do Campo op 2013 (3)}) 15. Bxe7 {[%emt 0:00:09] Black must now prevent Rc1.} Re8 16. Rc1 Qa5 17. d5 {[%emt 0:00:19][%cal Bd4d5,Bd5d6][%mdl 32] Against Be6} Bd7 18. Qb3 b5 $2 (18... Rac8 $11 19. Rxc8 (19. Qxb7 Rxc1 20. Rxc1 Rxe7 $11) 19... Bxc8) 19. d6 $1 $18 h6 {[%emt 0:07:04] Prevents Ng5.} (19... Qa4 $142) 20. Rc7 Bg4 (20... Rad8 $142 21. Kf1 (21. Qb1 Bf8 $16) 21... Qa4 22. Bxd8 Rxd8) 21. Rec1 $2 (21. Re4 $18 {has better winning chances.} Bf5 22. Re3 (22. Bf6 Re6 $11)) 21... Be6 $16 22. Qc2 {[%emt 0:01:26] White is more active.} Bc4 {[%emt 0:04:16] [#]} (22... b4 $16 {was called for.}) 23. Nd2 $2 (23. Qd2 $1 $18 Qxd2 24. Nxd2) 23... Qxc7 $11 {[%emt 0:02:25][%mdl 64] Remove Defender, Deflection} 24. dxc7 Rxe7 25. Nxc4 Rxc7 $1 {[%emt 0:00:29][%mdl 64] Pin} 26. Qe4 Rac8 27. Qd5 bxc4 $17 28. h4 c3 {[%emt 0:00:58] ...c2 is the strong threat.} 29. Rc2 Bf6 30. h5 {[%emt 0:01:17] [#]} Rc5 (30... g5 $1 $17) 31. Qf3 $1 $11 {[%emt 0:01:25] The position is equal.} Kg7 32. hxg6 Kxg6 33. Qg3+ Kh7 34. Qd3+ Kg7 35. Qxa6 Rd8 {[%emt 0:00:31] And now ...Rd2 would win.} 36. Qe2 {[%emt 0:00:05] Wards off Rd2} Rcd5 37. Qg4+ Kf8 38. Qb4+ Kg8 39. Rxc3 {[%emt 0:01:28] aiming for Rg3+.} Bxc3 40. Qxc3 {[%emt 0:00:08][%mdl 4096] Endgame KQ-KRR} R5d6 41. a4 Ra8 42. a5 Rda6 43. Qg3+ Kf8 44. Qh4 Kg7 45. Qd4+ Kg8 46. Qg4+ Kf8 47. Qh5 Kg7 48. f4 Rxa5 49. f5 R5a6 50. Qg4+ Kf6 51. Qh5 Kg7 52. Qg4+ Kf6 53. Qf4 R8a7 54. Kh2 Ra4 55. Qxh6+ Kxf5 56. Kh3 Ra3+ 57. g3 Ra1 {[%emt 0:00:23] ( -> ...Rh1+)} 58. g4+ Ke5 {[%emt 0:00:35] Weighted Error Value: White=0.17 (very precise) /Black=0.20 (precise)} 1/2-1/2

[Event "Oceania Zonal Open 2023"]
[Site "Melbourne"]
[Date "2023.01.25"]
[Round "4.11"]
[White "Winkelman, Albert"]
[Black "Wang, Ruicheng"]
[Result "1/2-1/2"]
[ECO "D44"]
[WhiteElo "2272"]
[BlackElo "1891"]
[Annotator "TA"]
[PlyCount "114"]
[EventDate "2023.01.09"]
[EventType "swiss"]
[EventCountry "AUS"]
[SourceTitle "playchess.com"]
[Source "ChessBase"]
[SourceQuality "1"]
[TimeControl "5400+30"]

1. d4 d5 2. c4 c6 3. Nf3 Nf6 4. Nc3 e6 5. Bg5 dxc4 6. e4 b5 7. e5 h6 8. Bh4 g5 9. Nxg5 hxg5 10. Bxg5 Nbd7 11. exf6 Bb7 12. Be2 Qb6 {[%emt 0:09:41] 12...Nxf6 deserves study.} 13. O-O O-O-O $1 {[%emt 0:01:35] [#]} 14. Bh5 $146 {[%emt 0:19:39] D44: Semi-Slav: Botvinnik System.} (14. Bf3 $1 $11 {remains equal.}) ({Predecessor:} 14. Bf3 Bh6 15. Be3 Nxf6 16. Qe2 Bxe3 17. fxe3 Qc7 18. g3 Rh6 19. Rf2 Rdh8 20. Raf1 a6 21. a4 b4 {1-0 Cebalo,M (2550)-Fercec,N (2487) Rijeka op 2007 (6)}) 14... c5 $1 $17 15. Bxf7 (15. d5 $17 exd5 16. Re1 (16. Bxf7 d4 $17)) 15... cxd4 $19 16. Qg4 {[%emt 0:00:10] Black has a decisive advantage.} Bh6 17. Bxh6 Rxh6 18. Bxe6 {[%emt 0:01:34][%cal Oc3b5] Threatens to win with Nxb5!} Rxf6 $1 19. Bxd7+ Rxd7 20. Ne4 Bxe4 21. Qxe4 Re6 ({Better is} 21... Qc6 $17 22. Qe1 Rg6) 22. Qa8+ (22. Qf5 $11) 22... Kc7 $1 $17 {[%emt 0:01:02][%mdl 1024] Black has strong compensation.} 23. a4 b4 24. a5 Qb7 (24... Qc6 $1 $17 25. Qf8 (25. Qxa7+ Kc8 $17) 25... Qd6) 25. Qg8 {[%emt 0:00:13] [#]} (25. Qf8 $1 $11) 25... Qc6 $1 26. Qg3+ Qd6 27. Rfc1 (27. Rac1 $15 c3 28. Qd3) 27... c3 28. bxc3 $2 (28. Qd3 $17 {keeps fighting.}) 28... dxc3 $2 (28... Qxg3 $19 29. fxg3 bxc3) 29. Qh4 $2 ({White has to play} 29. Qg4 $1 $15 Rg6 30. Qc4+ Qc6 31. Qf4+ Qd6 32. Qc4+ Qc6 33. Qf4+ Kc8 34. g3) 29... Qc5 30. h3 Red6 {[%emt 0:00:37] Strongly threatening ...b3.} 31. Ra4 $2 (31. Rab1 Rd4 32. Qg3+ Qd6 33. Qg5) 31... Rd1+ $19 32. Kh2 Qd6+ (32... Rxc1 $142 33. Rxb4 Qd5) 33. g3 {[%emt 0:00:10] Black must now prevent Rxd1.} Rxc1 34. Rxb4 {[%emt 0:00:16] [#]} Rd1 ({Stronger than} 34... Qd1 35. Qf4+ Kc6 36. Qc4+ Kd6 37. Qf4+ Kc6 38. Qc4+ Kd6 39. Qf4+ Kc6 $11) (34... Re1 $1 $19 35. Rc4+ Kb7 36. Rb4+ Ka8 37. Qh8+ Rd8 38. Qxc3 Qe6 39. Qf3+ Qd5) 35. Rc4+ $2 (35. Qc4+ $17 {was the only defense.} Qc6 36. Qf4+ R1d6 37. Rc4) 35... Kb7 {[%emt 0:00:00] aiming for ...Rd4.} 36. a6+ Qxa6 (36... Kxa6 $2 {perishes.} 37. Rxc3 Rd4 38. Qg5 $19) 37. Qe4+ R1d5 38. Rxc3 Qb6 {[%emt 0:00:29] Prevents Rb3} 39. Qf3 Qd4 40. Rb3+ Kc7 (40... Ka8 $142 {And now ...a5 would win.} 41. Ra3 Kb8 42. Qf8+ Rd8 43. Rb3+ Ka8) 41. Qf8 Rd8 {[%emt 0:00:32] Against Qb8+} 42. Qe7+ (42. Qf7+ {was the only chance.} R5d7 43. Qf3) 42... R5d7 43. Qe1 Rd5 {[%emt 0:01:08] Dodges Qa5+} (43... Rf7 $19 44. Qa5+ Kd7 45. Rb7+ Ke8 46. Qb5+ Kf8 47. Rxf7+ Kxf7 48. Qh5+ Ke7 49. Qg5+ Kd7 50. Qf5+ Kc6) 44. Qe7+ $1 $11 R5d7 $2 (44... Kc6 $11 45. Qb7+ Kd6) 45. Qe1 $1 $19 Qd2 $2 (45... Rf7 $19 46. Qa5+ Kd7 47. Rb7+ Ke8 48. Qb5+ Kf8 49. Rxf7+ Kxf7 50. Qh5+ Ke7 51. Qg5+ Ke6 52. Qg6+ Ke7 53. Qg5+ Ke6 54. Qg6+ Kd5 55. Qf5+ Kc4) 46. Qe5+ $11 Rd6 $1 47. Qc5+ Kd7 (47... Rc6 $11 48. Qxa7+ Kd6) 48. Qxa7+ ({Only move:} 48. Rb7+ $16 Ke6 49. Qc4+ Kf6 50. Qf7+ Ke5 51. Qg7+ Kf5 52. Qg4+ Kf6 53. Qg7+ Kf5 54. Qg4+ Kf6 55. Qg7+ Kf5) 48... Ke6 {[%emt 0:00:32] ...R8d7 would be deadly. The position is equal.} 49. Re3+ Kd5 50. Qb7+ Kc5 51. Qc7+ Kd5 52. Qb7+ Kd4 53. Qa7+ Kc4 54. Qa4+ Kc5 55. Qa7+ Rb6 56. Qc7+ Rc6 57. Qa7+ Rb6 {[%emt 0:00:40] Whites escaped into a draw.   Weighted Error Value: White=0.65/Black=0.65} 1/2-1/2

[Event "Oceania Zonal Open 2023"]
[Site "Melbourne"]
[Date "2023.01.26"]
[Round "4.11"]
[White "Stead, Kerry"]
[Black "Ruan, Harry"]
[Result "1/2-1/2"]
[ECO "D38"]
[WhiteElo "1952"]
[BlackElo "1858"]
[Annotator "TA"]
[PlyCount "119"]
[EventDate "2023.01.09"]
[EventType "swiss"]
[EventCountry "AUS"]
[SourceTitle "playchess.com"]
[Source "ChessBase"]
[SourceQuality "1"]
[TimeControl "5400+30"]

1. d4 d5 2. c4 e6 3. Nc3 Nf6 4. Bg5 Bb4 5. Nf3 h6 6. Bf4 {[%emt 0:01:06] D38: Queen's Gambit Declined: Ragozin Defence (4 Nf3 Bb4).} (6. Qa4+ $142 Nc6 7. Bxf6 Qxf6 8. e3) 6... dxc4 $11 7. a3 Bxc3+ 8. bxc3 {[%emt 0:00:11] Black is slightly better.} b5 {[%emt 0:02:05] [#]} 9. g3 $146 (9. a4 $11) ({Predecessor:} 9. a4 c6 10. Ne5 Nd5 11. Bd2 O-O 12. e4 Ne7 13. f4 f6 14. Nf3 Bb7 15. Qc2 {1-0 Pivovarov,M (1930)-Gerasimov,N (1596) Cheliabinsk Sveshnikov 60 op 2010 (3)}) 9... Bb7 10. Bg2 Nbd7 11. O-O Nb6 12. Re1 (12. a4 $142) 12... Na4 $17 13. Bd2 O-O 14. Qb1 a6 15. e4 c5 16. e5 (16. Qc2 $17 {is a better defense.}) 16... Nd5 $19 17. Qc1 Kh7 18. Nh4 (18. Qb1+ $17 Kg8 19. Qe4) 18... Rh8 19. Qc2+ g6 20. Be4 Rg8 21. Nf3 Rb8 22. h4 Ne7 23. h5 Bxe4 24. Rxe4 {[%emt 0:00:56] [#]} cxd4 (24... gxh5 25. d5 $11 (25. Rh4+ Nf5 $11)) (24... g5 $1 $17 25. Nh2 Kg7) 25. cxd4 (25. Rxd4 $11 Qc8 26. hxg6+ Rxg6 27. Nh4 {[%mdl 64] Pin}) 25... c3 (25... gxh5 26. Rf4+ Kg7 27. Rh4 $15) (25... g5 $17 26. d5 Nxd5 27. Rxc4+ Kg7) 26. hxg6+ ({Only move:} 26. Bg5 $1 $15) 26... Rxg6 $17 27. Be3 (27. Bxc3 $2 Rc8 28. Rf4 (28. Re3 $2 Nd5 $19) 28... Rxc3 $19) 27... Nf5 {[%emt 0:00:21] Dodges Nh4} 28. Kg2 (28. Rf4 $17) 28... Qg8 (28... Nb6 $19 {Strongly threatening ...Nd5.} 29. Rh1 Qd5) 29. Bf4 Nb6 30. Rh1 (30. Qxc3 Nd5 31. Qe1 Rg4 $17) 30... Nd5 {[%emt 0:02:05] Excellent horsemanship.} 31. Qc1 $2 (31. Nh4 $17 {was called for.} Nxf4+ {[%mdl 64] Remove Defender} 32. Rxf4 Rxg3+ 33. Kf1) 31... Qg7 32. Nh4 Nxh4+ 33. Rxh4 Nxf4+ (33... a5 $19 {aiming for ...b4.} 34. Bxh6 Rxh6) 34. Rexf4 (34. Rhxf4 $11 Rc8 35. Rf3) 34... Rc8 {[%emt 0:00:44] White must now prevent ...c2.} 35. Qc2 a5 36. Rh1 b4 37. axb4 axb4 {[%emt 0:00:04] ...Kg8 is the strong threat.} 38. Rb1 (38. Qa4 $1 $15) 38... Rb8 $36 {[%emt 0:01:13][%mdl 2048] Keeping White busy.} 39. Rf3 {[%emt 0:02:30] [#]} (39. Qa4 $142 Qf8 40. Qa7) 39... Qf8 (39... Qg8 $142 $1 {[%cal Rg8e8] And now ...Qe8 would win.} 40. Qd3 Kg7) 40. Qe4 $2 (40. d5 $17 {only move.} Kg7 41. d6) 40... Kg7 41. d5 Qc5 ({Black should try} 41... exd5 42. Qxd5 Re6) 42. Qf4 (42. Rd1 $17) 42... Rb7 $19 (42... exd5 43. Qxf7+ Kh8 44. Qxg6) 43. dxe6 Rxe6 {[%emt 0:01:41] Threatens to win with ...c2.} 44. Qg4+ Rg6 45. Qe4 Qc6 46. Qc2 Rb6 47. Rd1 Ra6 $2 (47... Re6 $19 48. Qf5 Rb7) 48. Qb3 (48. Rd4 $11) 48... Ra7 (48... Qc7 $1 $15 49. Qxb4 c2) 49. Qxb4 $11 {[%emt 0:00:24][%cal Od1d8] Hoping for Rd8!} c2 50. Rc1 (50. Rd8 $1 $11 Kh7 51. Qf8) 50... Rc7 $1 $15 51. Qb3 $2 ({White should play} 51. Qd4 $15) 51... Rg5 52. Kg1 $2 (52. e6 fxe6 53. Kg1) 52... Rxe5 $19 53. Rf4 Rce7 54. Qb2 f6 55. Rg4+ Kf7 $2 (55... Kh8 $19 {( -> ...Re1+)} 56. Qb4 Qf3) 56. Qa2+ $11 {[%emt 0:00:36] The position is equal.} R7e6 57. Qa7+ $1 Re7 (57... Kf8 $5 58. Qg7+ $8 Ke8 59. Qg8+ (59. Qxh6 $2 {gets mated.} Re1+ 60. Rxe1 Rxe1+ 61. Kh2 Rh1#) (59. Qg6+ Kd8 $11) 59... Kd7 60. Rd4+ Ke7 61. Qh7+ Ke8 62. Qg6+ (62. Qxh6 $2 Re1+ 63. Rxe1 Rxe1+ 64. Kh2 Rh1#) 62... Ke7 63. Qg7+ (63. Qxh6 $2 {is a self mate.} Re1+ 64. Rxe1 Rxe1+ 65. Kh2 Rh1#) (63. Qh7+ Ke8 $11) 63... Ke8 64. Qh8+ (64. Qxh6 $2 Re1+ 65. Rxe1 Rxe1+ 66. Kh2 Rh1#) 64... Kf7 65. Qh7+ (65. Qxh6 $2 Re1+ 66. Rxe1 Rxe1+ 67. Kh2 Rh1#) 65... Ke8 66. Qg6+ (66. Qxh6 $2 Re1+ 67. Rxe1 Rxe1+ 68. Kh2 Rh1#) 66... Ke7 $11) 58. Qa2+ R7e6 59. Qa7+ $1 Re7 60. Qa2+ {[%emt 0:02:00] Weighted Error Value: White=0.51/Black=0.44} 1/2-1/2